 Dungeon Crawl Stone Soup version 0.29.1-1-gd02db6906a (webtiles) character file.

Game seed: 10246082043696605558

3746 LabCoat the Fighter (level 10, -3/136 HPs)
             Began as a Hill Orc Fighter on Oct 5, 2022.
             Was a Follower of Trog.
             Slain by an eight-headed hydra (8 damage)
             ... on level 7 of the Dungeon.
             The game lasted 00:24:18 (8263 turns).

LabCoat the Fighter (Hill Orc Fighter)              Turns: 8263, Time: 00:24:19

Health: -3/136     AC: 24    Str: 30    XL:     10   Next: 15%
Magic:  10/10      EV: 13    Int:  8    God:    Trog [*.....]
Gold:   500        SH:  5    Dex: 10    Spells: 9/9 levels left

rFire   . . .      SeeInvis .   n - +2 mace (protect)
rCold   . . .      Faith    .   c - +0 buckler
rNeg    . . .      Spirit   .   o - +0 chain mail
rPois   .          Reflect  .   z - +1 helmet
rElec   .          Harm     .   (no cloak)
rCorr   .          Rampage  .   y - +1 pair of gloves
Will    .....                   j - +1 pair of boots
Stlth   ..........              (no amulet)
HPRegen 0.32/turn               g - +4 ring of evasion
MPRegen 0.12/turn               k - +6 ring of strength

@: berserking, under a protective aura, very quick
A: no striking features
a: Renounce Religion, Berserk


You were on level 7 of the Dungeon.
You worshipped Trog.
Trog was aware of your devotion.
You visited 2 branches of the dungeon, and saw 9 of its levels.

You collected 500 gold pieces.

Inventory:

Hand Weapons
 a - a +0 war axe
 m - a +0 flail
 n - a +2 mace of protection (weapon)
Missiles
 s - 2 javelins (quivered)
 t - 15 poisoned darts
 u - 2 throwing nets
Armour
 c - a +0 buckler (worn)
 j - a +1 pair of boots (worn)
 o - a +0 chain mail (worn)
 r - a +0 plate armour
 y - a +1 pair of gloves (worn)
 z - a +1 helmet (worn)
Jewellery
 g - a +4 ring of evasion (left hand)
 h - an amulet of magic regeneration
 k - a +6 ring of strength (right hand)
 B - a ring of protection from fire
Wands
 C - a wand of flame (25)
 D - a wand of iceblast (6)
Scrolls
 b - 2 scrolls of amnesia
 d - a scroll of fear
 f - a scroll of enchant armour
 v - 3 scrolls of teleportation
 x - a scroll of noise {unknown}
 A - a scroll of blinking
 E - 2 scrolls of fog
Potions
 e - a potion of ambrosia
 i - a potion of cancellation
 p - a potion of resistance
 q - 4 potions of curing
 w - 2 potions of flight


   Skills:
 * Level 9.4 Fighting
 + Level 9.4 Axes
 + Level 4.5 Throwing
 * Level 6.5 Armour
 + Level 4.0 Dodging
 + Level 6.4 Shields


You had 9 spell levels left.
You didn't know any spells.
Your spell library contained the following spells:

 Spells                   Type           Power      Damage    Failure   Level
 Apportation              Tloc           0%         N/A       94%         1
 Necrotise                Necr           0%         1d4       94%         1
 Slow                     Hex            0%         N/A       94%         1
 Summon Small Mammal      Summ           0%         N/A       94%         1
 Confusing Touch          Hex            0%         N/A       100%        3
 Vampiric Draining        Necr           0%         2d6       100%        3


Dungeon Overview and Level Annotations

Branches:
Dungeon (8/15)             Temple (1/1) D:5
   Lair: D:8-11

Altars:
Ashenzari
Cheibriados
Dithmenos
Elyvilon
Fedhas
Gozag
Hepliaklqana
Kikubaaqudgha
Makhleb
Nemelex Xobeh
Qazlal
Ru
Sif Muna
Trog
Uskayaw
Vehumet
Wu Jian
Xom
Yredelemnul
Zin
The Shining One

Annotations:
D:7 3 runed translucent doors, PanSaczeczos's ghost, novice DsBr


Message History

The eight-headed hydra misses you.
The eight-headed hydra bites you but does no damage.
The eight-headed hydra completely misses you.
The eight-headed hydra bites you but does no damage. x2
The eight-headed hydra closely misses you.
The eight-headed hydra barely misses you.
You block the eight-headed hydra's attack.
The bullfrog completely misses you.
You barely miss the eight-headed hydra.
The eight-headed hydra is moderately wounded.
The bullfrog barely misses you.
The eight-headed hydra completely misses you.
The eight-headed hydra bites you but does no damage.
The eight-headed hydra bites you!
* * * LOW HITPOINT WARNING * * *
You block the eight-headed hydra's attack. x2
The eight-headed hydra bites you but does no damage. x2
The eight-headed hydra bites you.
* * * LOW HITPOINT WARNING * * *
You bludgeon the eight-headed hydra!!
The eight-headed hydra is heavily wounded.
The bullfrog hits you but does no damage.
The eight-headed hydra closely misses you.
The eight-headed hydra bites you but does no damage.
The eight-headed hydra misses you.
The eight-headed hydra bites you but does no damage.
The eight-headed hydra closely misses you.
The eight-headed hydra bites you but does no damage.
You block the eight-headed hydra's attack.
The eight-headed hydra bites you.
* * * LOW HITPOINT WARNING * * *
You hit the eight-headed hydra.
The eight-headed hydra is severely wounded.
The bullfrog hits you but does no damage.
The eight-headed hydra barely misses you.
The eight-headed hydra bites you but does no damage.
The eight-headed hydra barely misses you.
The eight-headed hydra closely misses you. x2
The eight-headed hydra bites you!
You die...

###.#.#..#.## #.#
#.....#..#..# #.#
#.###.#<.##.# #.# #.#
#.#..##.# #.#
#.###.#..##.#####.#
######.....#...........#
........##.##.##.#######
...#.....#.##.##D#
.#.........##.##@#
.###.....#.##.##F#
..............##.#
#.#####..........#
#.########.#######
#..........#
############


You could see an eight-headed hydra and a bullfrog.

Vanquished Creatures
  A two-headed ogre (D:7)
  A hornet (D:8)
  A steam dragon (D:7)
  Edmund (D:6)
  Menkaure (D:5)
  2 water moccasins (D:7)
  3 sky beasts (D:7)
  2 black bears
  An ice beast (D:8)
  2 ogres
  A phantom (D:4)
  A centaur (D:6)
  5 bullfrogs
  2 necrophages
  2 scorpions
  5 killer bees (D:6)
  6 jellies
  2 hounds
  A gnoll bouda (D:5)
  An orc priest (D:4)
  Jessica (D:3)
  3 orc wizards
  An iguana (D:5)
  4 gnolls (D:5)
  7 adders
  3 shadow imps
  4 white imps
  4 ufetubi
  4 worms
  4 dart slugs
  16 orcs
  4 bats
  14 endoplasms
  3 giant cockroaches
  15 goblins
  7 hobgoblins
  9 jackals
  7 quokkas
  3 frilled lizards
  7 kobolds
  7 rats
168 creatures vanquished.

Vanquished Creatures (others)
  11 fungi (D:8)
  15 plants
26 creatures vanquished.

Grand Total: 194 creatures vanquished

Notes
Turn   | Place    | Note
-------+----------+-------------------------------------------
     0 | D:1      | LabCoat the Hill Orc Fighter began the quest for the Orb.
     0 | D:1      | Reached XP level 1. HP: 19/19 MP: 1/1
   159 | D:1      | Reached XP level 2. HP: 26/27 MP: 2/2
   168 | D:1      | You fall into a shaft and drop 1 floor!
   341 | D:2      | Reached XP level 3. HP: 9/33 MP: 3/3
   598 | D:2      | Reached XP level 4. HP: 5/41 MP: 4/4
  1316 | D:1      | Reached skill level 1 in Dodging
  1428 | D:1      | Reached skill level 1 in Throwing
  1759 | D:1      | Found a faded altar of an unknown god.
  2499 | D:3      | Reached XP level 5. HP: 47/47 MP: 5/5
  2530 | D:3      | Noticed Jessica
  2535 | D:3      | Killed Jessica
  2722 | D:3      | Found a shimmering altar of Xom.
  3454 | D:4      | Noticed a phantom
  3474 | D:4      | Killed a phantom
  3475 | D:4      | Reached skill level 5 in Fighting
  3475 | D:4      | Reached XP level 6. HP: 52/56 MP: 6/6
  3567 | D:4      | Found a sparkling altar of Nemelex Xobeh.
  3567 | D:4      | Found a sacrificial altar of Ru.
  3567 | D:4      | Found a glowing silver altar of Zin.
  4167 | D:5      | Entered Level 5 of the Dungeon
  4268 | D:5      | Reached XP level 7. HP: 59/61 MP: 7/7
  4311 | D:5      | Identified the +4 long sword of Zygreits {vamp, Fragile
                  | rCorr Str+3 Int+2}
  4513 | D:5      | Noticed Menkaure
  4519 | D:5      | Killed Menkaure
  4520 | D:5      | Reached skill level 5 in Axes
  4554 | D:5      | Found a staircase to the Ecumenical Temple.
  4562 | Temple   | Entered the Ecumenical Temple
  4575 | Temple   | Became a worshipper of Trog the Wrathful
  5000 | D:5      | Reached XP level 8. HP: 64/70 MP: 8/8
  5058 | D:5      | Reached skill level 5 in Armour
  5569 | D:6      | Reached * piety under Trog
  5761 | D:6      | Noticed Edmund
  5771 | D:6      | Killed Edmund
  5772 | D:6      | Reached skill level 5 in Shields
  6704 | D:7      | Reached XP level 9. HP: 67/79 MP: 9/9
  6898 | D:7      | Found a runed translucent gate.
  6898 | D:7      | Found a runed translucent gate.
  6898 | D:7      | Found a runed translucent gate.
  7487 | D:7      | Noticed PanSaczeczos's ghost (novice DsBr)
  7638 | D:8      | Reached ** piety under Trog
  7646 | D:8      | Noticed a hornet
  7654 | D:8      | Paralysed by a hornet for 3 turns
  7658 | D:8      | Killed a hornet
  7671 | D:8      | Noticed an eight-headed hydra
  7948 | D:8      | Noticed a two-headed ogre
  7964 | D:7      | Killed a two-headed ogre
  7965 | D:7      | Reached XP level 10. HP: 30/91 MP: 10/10
  8262 | D:7      | HP: 5/136 [eight-headed hydra (3)]
  8263 | D:7      | Slain by an eight-headed hydra

Illustrated notes

Levels and vault maps discovered:
D:1:      dpeg_arrival_simpleton_a, layout_basic,
          chequers_ecumenical_altar_lobes
D:2:      layout_basic, serial_glass, glass_columns_a, glass_columns_a,
          minmay_joined_circles
D:3:      layout_loops_ring, nicolae_overflow_crystal_walls,
          kennysheep_generic_room_9, uniq_jessica
D:4:      layout_rooms, gammafunk_temple_overflow_forgotten,
          minmay_misc_feat_plants
D:5:      layout_basic, minmay_temple_entry_slanted, minmay_ogre_servants,
          uniq_menkaure
D:6:      layout_loops_corners, uniq_edmund
D:7:      layout_loops_ring, gammafunk_ghost_icy, kennysheep_decorative_pillar
D:8:      layout_gridville, grunt_lair_entry_orc_guard_hut
Temple:   nicolae_temple_bog_church

Skill      XL: |  1  2  3  4  5  6  7  8  9 |
---------------+----------------------------+-----
Axes           | 3 4 5 7 9 |  9.4
Fighting       | 4 5 6 7 9 |  9.4
Armour         | 4 5 6 |  6.5
Dodging        | 1 2 3 4 |  4.0
Throwing       | 1 2 3 4 |  4.5
Shields        | 4 5 6 |  6.4

Action                   |  1- 3 |  4- 6 |  7- 9 | 10-12 || total
-------------------------+-------+-------+-------+-------++-------
Melee: War axe           |    66 |   197 |   248 |     7 ||   518
       Mace              |       |       |       |     5 ||     5
Throw: Dart              |     7 |    47 |       |       ||    54
       Javelin           |       |     3 |    20 |       ||    23
Evoke: Wand              |       |       |     6 |       ||     6
  Use: Potion            |     1 |       |     4 |     1 ||     6
       Scroll            |     2 |    12 |     7 |       ||    21
Armor: Scale mail        |    28 |    32 |       |       ||    60
       Chain mail        |       |    49 |   131 |    34 ||   214
Dodge: Dodged            |    27 |   116 |   159 |    31 ||   333
Block: Buckler           |    12 |    40 |    60 |    15 ||   127
